[Event "13th Palmanova Festival A 2024"]
[Site "Palmanova"]
[Date "2025.01.03"]
[Round "9.13"]
[White "Candian, Lorenzo"]
[Black "Perossa, Nicolas"]
[Result "1/2-1/2"]
[ECO "C48"]
[WhiteElo "2208"]
[BlackElo "2259"]
[Annotator "TA"]
[PlyCount "101"]
[EventDate "2024.12.27"]
[EventCountry "ITA"]
[SourceTitle "playchess.com"]
[Source "ChessBase"]
[SourceQuality "1"]
[TimeControl "6000+30"]

1. e4 e5 2. Nf3 Nc6 3. Nc3 Nf6 4. Bb5 Bd6 5. d3 O-O 6. Bg5 Nd4 7. Nxd4 exd4 8. Nd5 Be7 9. Nxe7+ Qxe7 10. Qd2 d5 11. O-O a6 {[%emt 0:07:08] [#]} 12. Rae1 ({Better is} 12. Rfe1 $1 $11 dxe4 (12... axb5 13. e5 $16) 13. Bc4) 12... dxe4 (12... axb5 $15 13. e5 Ne4 14. dxe4 (14. Bxe7 $2 Nxd2 15. Bxf8 Kxf8 $19) (14. Rxe4 Qe6 $11) 14... Qc5) 13. dxe4 (13. Bc4 $11 {remains equal.}) 13... axb5 $17 14. e5 Ne4 $1 15. Rxe4 f6 16. Bh4 g5 $1 17. Bg3 f5 $1 (17... c5 18. f4 f5 (18... Rxa2 19. f5 $14) 19. Ree1 $15) 18. Rxd4 f4 $1 (18... Rxa2 19. f3 $11) 19. Bxf4 gxf4 20. Rxf4 Rxf4 (20... Rxa2 $2 21. Qd5+ Be6 22. Rxf8+ Kxf8 23. Qxb5 $17) (20... Qxe5 $6 21. Rxf8+ Kxf8 22. Re1 $11) 21. Qxf4 Rxa2 22. Qg3+ Kh8 23. Qb3 Ra5 24. f4 Bf5 (24... Qc5+ $17 25. Kh1 Qc4) 25. h3 $15 Qc5+ 26. Kh2 Ra8 (26... Qxc2 27. Qf7 Ra8 28. Rf3 $16) 27. Qf3 (27. Qg3 $15) 27... Qxc2 $17 (27... Bxc2 28. Rc1 $17) 28. Rf2 Qc4 (28... Qe4 $19 29. g4 Qxf3 30. Rxf3 Be4) 29. b3 $2 (29. Rd2 $17) 29... Qd4 $19 30. Re2 c6 31. e6 Re8 32. e7 (32. Qh5 {was the only defense.} Bg6 (32... Qxf4+ 33. g3 $17) (32... Rxe6 $2 33. Qxf5 Rg6 34. Re8+ Rg8 35. Re7 $18) 33. Qg5) 32... Qf6 $19 33. g4 Be6 34. f5 $2 (34. Re5) 34... Bd5 $19 (34... Rxe7 35. Qe4 $16 (35. Rxe6 $2 Rxe6 36. Kg3 Qe5+ 37. Qf4 Qe3+ 38. Qxe3 Rxe3+ $19)) 35. Qe3 b4 36. g5 $2 (36. Qc5) 36... Qxf5 $19 37. Qd4+ Kg8 38. Rf2 Bf3 $2 (38... Qxg5 39. Rf8+ Rxf8 40. Qh8+ Kxh8 41. exf8=Q+ Qg8 (41... Bg8 $2 42. Qxb4 Qe5+ 43. Kg2 $19) 42. Qf6+ Qg7 43. Qd8+ Bg8) 39. Qe3 Qe4 40. Rxf3 Qxe7 (40... Rxe7 41. Qxe4 Rxe4 42. Kg3 $11) 41. Qf2 (41. Qd3 $17) 41... Qd6+ $19 (41... Qxg5 $2 42. Rg3 $18) 42. Kg2 Re5 (42... b5 $19 43. Rf5 Qe6) 43. h4 $17 Qe6 44. Rf6 (44. Qd4 $17) 44... Qg4+ $19 (44... Qxb3 45. Rf8+ Kg7 46. Qf6#) 45. Kh2 {[%emt 0:00:00] [#]} Re8 $1 (45... Re2 $6 46. Rf8+ Kg7 47. Rf7+ Kg6 (47... Kg8 48. Rf8+ Kg7 49. Rf7+ Kh8 50. Rf8+ Kg7 $11) 48. Rf6+ Kg7 49. Rf7+ Kg6 50. Rf6+ Kg7 51. Rf7+ $11) 46. Rf4 {[%emt 0:00:00] [#]} Qd1 $1 47. Rf3 Re2 ({Black should try} 47... b5 $17 {[%cal Oc6c5] and ...c5! would now be decisive} 48. Re3 Rf8) 48. Rf8+ $11 Kg7 49. Rf7+ $1 Kg6 (49... Kh8 $5 50. Rf8+ $8 Kg7 51. Rf7+ Kg6 52. Rf6+ Kg7 53. Rf7+ $11) 50. Rf6+ Kh5 $2 (50... Kg7 $11 51. Rf7+ Kg6 (51... Kg8 52. Rf8+ Kg7 53. Rf7+ $11) 52. Rf6+ Kg7) 51. Kg3 $1 1/2-1/2

[Event "13th Palmanova Festival A 2024"]
[Site "Palmanova"]
[Date "2025.01.03"]
[Round "9.14"]
[White "Zoncu, Roberto Alessio"]
[Black "Lekic, Dusan"]
[Result "1/2-1/2"]
[ECO "B22"]
[WhiteElo "2165"]
[BlackElo "2287"]
[Annotator "TA"]
[PlyCount "66"]
[EventDate "2024.12.27"]
[EventCountry "ITA"]
[SourceTitle "playchess.com"]
[Source "ChessBase"]
[SourceQuality "1"]
[TimeControl "6000+30"]

1. e4 c5 2. d4 cxd4 3. c3 Nf6 4. e5 Nd5 5. Nf3 Nc6 6. Bc4 Nb6 7. Bb3 d5 8. exd6 Qxd6 9. O-O Be6 10. Na3 dxc3 11. Bxe6 Qxd1 12. Rxd1 fxe6 13. Nb5 Rc8 14. bxc3 Nc4 15. Rb1 e5 16. Na3 Nxa3 17. Bxa3 b6 18. Rb5 (18. c4 $11) 18... e6 19. Bxf8 Rxf8 20. Nxe5 Rf5 21. Nxc6 Rxc6 $15 {[%emt 0:00:12][%mdl 4096] Endgame KRR-KRR} (21... Rxb5 22. Nxa7 Rbc5 (22... Rd8 $2 23. Rxd8+ Kxd8 24. Nxb5 $18) 23. Nxc8 Rxc8 24. g3) 22. Rb3 Rd5 23. Rxd5 exd5 {[%emt 0:00:06] KR-KR} 24. g3 Ke7 25. Kf1 Kd6 26. Ke1 g5 27. Kd2 Ke5 28. Rb4 Rh6 29. h4 $1 gxh4 30. gxh4 Rf6 31. Ke3 Rc6 32. Kd3 Rf6 33. Ke3 {[%emt 0:01:45] Repels Rf3+} Rc6 1/2-1/2